AoeStats
← p.bertin

Arabia

506378054Analyzed
1v1 RM · 18d ago on Sep 13, 2026· 31m 52s· 2 players
Game mode
Random Map
Map size
Tiny (2 player)
Population
200
Speed
Normal
Resources
Standard
Victory
Conquest
Starting age
Dark Age
Ending age
Imperial Age
RankedLock teamsTeams togetherTeam positionsShared explorationLock speedFull tech treeHidden civsTurbo modeCheats
Victory
Defeat
🇧🇪 Romans · Belgium
1169
+17
🇺🇾 Japanese · Uruguay
1197
-17
p.bertin
7:03 Loom
10:09 Feudal Age
11:08 Double-Bit Axe
11:05 Man-at-Arms
14:22 Horse Collar
15:57 Padded Archer Armor
16:20 Scale Mail Armor
16:50 Fletching
19:39 Wheelbarrow
22:42 Castle Age
21:02 Scale Mail Armor
21:49 Gold Mining
23:50 Forging
23:12 Pikeman
23:15 Elite Skirmisher
24:11 Squires
24:44 Bodkin Arrow
27:31 Long Swordsman
28:54 Iron Casting
31:50 Chain Mail Armor
Maximo7z
8:33 Loom
11:08 Feudal Age
11:46 Double-Bit Axe
15:01 Fletching
23:10 Castle Age
22:14 Forging
22:33 Horse Collar
25:28 Bow Saw
Connection lost

Rejoining the realm…

Still unreachable

The connection could not be restored.

Session expired

The server has moved on; the page needs a fresh start.